 Dungeon Crawl Stone Soup version 0.23.2-1-ga50397a6bc (webtiles) character file.

Game seed: 11567162863349708716

360 Mrkan the Magician (level 6, -7/44 HPs)
             Began as a Gnoll Wizard on May 17, 2019.
             Mangled by an ogre
             ... wielding a +0 giant club
              (17 damage)
             ... on level 2 of the Dungeon.
             The game lasted 00:09:11 (2719 turns).

Mrkan the Magician (Gnoll Wizard)                   Turns: 2719, Time: 00:09:12

Health: -7/44      AC:  2    Str:  9    XL:     6   Next: 65%
Magic:  10/16      EV: 14    Int: 23    God:
Gold:   90         SH:  0    Dex: 13    Spells: 16/19 levels left

rFire    . . .     SeeInvis .     - Unarmed
rCold    . . .     Gourm    .   (no shield)
rNeg     . . .     Faith    .   a - +0 robe
rPois    .         Spirit   .   b - +0 hat
rElec    .         Reflect  .   (no cloak)
rCorr    .         Harm     .   (no gloves)
MR       .....                  (no boots)
Stlth    +++.......             (no amulet)
HPRegen  0.14/turn              (no ring)
MPRegen  0.15/turn              (no ring)

@: very slightly contaminated
A: distributed training, fangs 1, strong nose
a: no special abilities


You were on level 2 of the Dungeon.
You were not hungry.

You visited 1 branch of the dungeon, and saw 3 of its levels.

You collected 90 gold pieces.

Inventory:

Armour
 a - a +0 robe (worn)
 b - a +0 hat (worn)
 r - a +0 pair of boots
Jewellery
 k - an uncursed amulet of rage {unknown}
 t - an uncursed amulet of rage {unknown}
 u - an uncursed ring of resist corrosion {unknown}
Scrolls
 c - a scroll of blinking {unknown}
 e - a scroll of fog {unknown}
 f - a scroll of noise {unknown}
 g - a scroll of remove curse {unknown}
 h - 3 scrolls of teleportation {unknown}
 j - a scroll of identify {unknown}
 l - a scroll of amnesia {unknown}
 n - a scroll of enchant armour {unknown}
 o - 2 scrolls of fear {unknown}
 q - 2 scrolls of enchant weapon {unknown}
Potions
 i - 2 potions of haste {unknown}
 m - a potion of invisibility {unknown}
 p - a potion of mutation {unknown}
 s - a potion of flight {unknown}
 v - 2 potions of ambrosia {unknown}
Comestibles
 d - 2 rations


   Skills:
 + Level 2.0 Fighting
 + Level 2.0 Short Blades
 + Level 2.0 Long Blades
 + Level 2.0 Axes
 + Level 2.0 Maces & Flails
 + Level 2.0 Polearms
 + Level 2.0 Staves
 + Level 2.0 Slings
 + Level 2.0 Bows
 + Level 2.0 Crossbows
 + Level 2.0 Throwing
 + Level 2.0 Armour
 + Level 5.0 Dodging
 + Level 4.6 Stealth
 + Level 2.0 Shields
 + Level 2.0 Unarmed Combat
 + Level 7.4 Spellcasting
 + Level 2.6 Conjurations
 + Level 1.6 Hexes
 + Level 1.6 Charms
 + Level 2.6 Summonings
 + Level 1.6 Necromancy
 + Level 2.6 Translocations
 + Level 1.6 Transmutations
 + Level 1.6 Fire Magic
 + Level 1.6 Ice Magic
 + Level 1.6 Air Magic
 + Level 1.6 Earth Magic
 + Level 1.6 Poison Magic
 + Level 2.2 Invocations
 + Level 2.0 Evocations


You had 16 spell levels left.
You knew the following spells:

 Your Spells              Type           Power        Failure   Level  Hunger
a - Magic Dart            Conj           ###.         2%          1    None
b - Call Imp              Summ           ###.....     3%          2    None

Your spell library contained the following spells:

 Spells                   Type           Power        Failure   Level  Hunger
 Blink                    Tloc           N/A          3%          2    None
 Slow                     Hex            ###.....     6%          2    None
 Conjure Flame            Conj/Fire      ###.....     9%          3    None
 Mephitic Cloud           Conj/Pois/Air  ###.....     10%         3    None


Dungeon Overview and Level Annotations

Branches:
Dungeon (3/15)

Altars:


Innate Abilities, Weirdness & Mutations

Your experience applies equally to all skills.
You have very sharp teeth.
Your uncanny sense of smell can sniff out nearby items.


Message History

You see here a stone.
There is an open door here.
There is an open door here.
Casting: Magic Dart (safe; 2% risk of failure)
Confirm with . or Enter, or press ? or * to list all spells.
A beastly little devil appears in a puff of frigid air.
The ogre hits you but does no damage.
Casting: Call Imp (safe; 3% risk of failure)
Confirm with . or Enter, or press ? or * to list all spells.
A metallic apparition takes form in the air.
The ogre completely misses you. The ogre hits you with a +0 giant club!
* * * LOW HITPOINT WARNING * * *
Casting: Call Imp (safe; 3% risk of failure)
Confirm with . or Enter, or press ? or * to list all spells.
You miscast Call Imp.
You are very lightly contaminated with residual magic.
Nothing appears to happen.
Your iron imp hits the ogre!
The ogre hits you with a +0 giant club!
You die...

#.......# ##.......##.###.#.#
#.###...####.........#.##....####
#.##.......'...).....'...........
#.###...####.........#.##.....###
#.#.....# ##.......##.##......#
#.#.###.# ##.....###.##......#
#.#.###.# ##..5## #.........#
#.......# ##O## ####.....##
###.############@# ####.## #.#
#.......5# #.# #.# #.#####<.##
#.# ##.## #.#####...#### #.#
#...####.##.........# #.#
#..(........##...##.## #.#
#...####.#####..##...######.#
##### #........##.#........#
########.##.>.########


You could see an ogre, a friendly iron imp and a friendly white imp.

Vanquished Creatures
  3 big kobolds
  2 gnolls (D:3)
  5 adders
  A worm (D:2)
  2 dart slugs
  2 leopard geckos (D:2)
  5 bats
  A giant cockroach (D:2)
  29 goblins
  11 hobgoblins
  2 jackals (D:2)
  A quokka (D:2)
  3 frilled lizards (D:2)
  5 kobolds
  4 rats (D:2)
76 creatures vanquished.

Notes
Turn   | Place    | Note
-------+----------+-------------------------------------------
     0 | D:1      | Mrkan the Gnoll Wizard began the quest for the Orb.
     0 | D:1      | Reached XP level 1. HP: 13/13 MP: 8/8
   138 | D:1      | Reached XP level 2. HP: 13/19 MP: 2/10
   396 | D:1      | You fall through a shaft!
   499 | D:2      | Reached XP level 3. HP: 25/25 MP: 7/11
   657 | D:2      | Reached skill level 1 in Invocations
   814 | D:2      | Reached skill level 1 in Fighting
   814 | D:2      | Reached skill level 1 in Short Blades
   814 | D:2      | Reached skill level 1 in Long Blades
   814 | D:2      | Reached skill level 1 in Axes
   814 | D:2      | Reached skill level 1 in Maces & Flails
   814 | D:2      | Reached skill level 1 in Polearms
   814 | D:2      | Reached skill level 1 in Staves
   814 | D:2      | Reached skill level 1 in Slings
   814 | D:2      | Reached skill level 1 in Bows
   814 | D:2      | Reached skill level 1 in Crossbows
   814 | D:2      | Reached skill level 1 in Throwing
   814 | D:2      | Reached skill level 1 in Armour
   814 | D:2      | Reached skill level 1 in Shields
   814 | D:2      | Reached skill level 1 in Unarmed Combat
   814 | D:2      | Reached skill level 1 in Evocations
   845 | D:2      | Reached XP level 4. HP: 32/32 MP: 2/13
  1443 | D:3      | Reached skill level 1 in Hexes
  1443 | D:3      | Reached skill level 1 in Charms
  1443 | D:3      | Reached skill level 1 in Necromancy
  1443 | D:3      | Reached skill level 1 in Transmutations
  1443 | D:3      | Reached skill level 1 in Fire Magic
  1443 | D:3      | Reached skill level 1 in Ice Magic
  1443 | D:3      | Reached skill level 1 in Air Magic
  1443 | D:3      | Reached skill level 1 in Earth Magic
  1443 | D:3      | Reached skill level 1 in Poison Magic
  1531 | D:3      | Reached XP level 5. HP: 26/37 MP: 1/14
  1990 | D:3      | Noticed a big kobold
  1990 | D:3      | Noticed a big kobold
  1990 | D:3      | Noticed a big kobold
  1990 | D:3      | Noticed a big kobold
  1990 | D:3      | Noticed a big kobold
  1990 | D:3      | Noticed a big kobold
  2050 | D:2      | Killed a big kobold
  2050 | D:2      | Reached XP level 6. HP: 30/44 MP: 0/16
  2459 | D:2      | Reached skill level 5 in Dodging
  2613 | D:2      | Learned a level 2 spell: Call Imp
  2719 | D:2      | Mangled by an ogre

Skill      XL: |  1  2  3  4  5  6 |
---------------+-------------------+-----
Conjurations   | 2 |  2.6
Summonings     | 2 |  2.6
Translocations | 2 |  2.6
Invocations    | 1 2 |  2.2
Fighting       | 1 2 |  2.0
Short Blades   | 1 2 |  2.0
Long Blades    | 1 2 |  2.0
Axes           | 1 2 |  2.0
Maces & Flails | 1 2 |  2.0
Polearms       | 1 2 |  2.0
Staves         | 1 2 |  2.0
Slings         | 1 2 |  2.0
Bows           | 1 2 |  2.0
Crossbows      | 1 2 |  2.0
Throwing       | 1 2 |  2.0
Armour         | 1 2 |  2.0
Shields        | 1 2 |  2.0
Unarmed Combat | 1 2 |  2.0
Evocations     | 1 2 |  2.0
Hexes          | 1 |  1.6
Charms         | 1 |  1.6
Necromancy     | 1 |  1.6
Transmutations | 1 |  1.6
Fire Magic     | 1 |  1.6
Ice Magic      | 1 |  1.6
Air Magic      | 1 |  1.6
Earth Magic    | 1 |  1.6
Poison Magic   | 1 |  1.6
Dodging        | 5 |  5.0
Stealth        | |  4.6
Spellcasting   | |  7.4

Action                   |  1- 3 |  4- 6 || total
-------------------------+-------+-------++-------
Melee: Unarmed           |     1 |       ||     1
 Cast: Magic Dart        |    58 |   147 ||   205
       Call Imp          |       |     5 ||     5
  Eat: Chunk             |       |     2 ||     2
       Ration            |       |     1 ||     1
Armor: Robe              |     1 |     7 ||     8
Dodge: Dodged            |    13 |    69 ||    82
